 Dungeon Crawl Stone Soup version 0.28.0-45-g0d030f2227 (webtiles) character file.

Game seed: 12201045737853220146

14 Ablot the Cutter (level 2, 0/29 HPs)
             Began as a Gnoll Chaos Knight on Apr 14, 2022.
             Was a Plaything of Xom.
             Slain by a quokka (1 damage)
             ... on level 1 of the Dungeon.
             The game lasted 00:00:29 (239 turns).

Ablot the Cutter (Gnoll Chaos Knight)                Turns: 239, Time: 00:00:30

Health: 0/29       AC:  5    Str: 11    XL:     2   Next: 41%
Magic:  2/2        EV: 12    Int: 11    God:    Xom [.....*]
Gold:   15         SH:  0    Dex: 11    Spells: 1/1 levels left

rFire   . . .      SeeInvis .   a - +0 short sword (chaos)
rCold   . . .      Faith    .   (no shield)
rNeg    . . .      Spirit   .   b - +2 leather armour
rPois   .          Reflect  .   (no helmet)
rElec   .          Harm     .   (no cloak)
rCorr   .          Rampage  .   (no gloves)
Will    .....                   (no boots)
Stlth   +.........              (no amulet)
HPRegen 0.09/turn               (no ring)
MPRegen 0.08/turn               (no ring)

@: no status effects
A: fangs 1, strong nose, distributed training
a: Renounce Religion


You were on level 1 of the Dungeon.
You worshipped Xom.
You were Xom's teddy bear.
You visited 1 branch of the dungeon, and saw 1 of its levels.

You collected 15 gold pieces.

Inventory:

Hand Weapons
 a - a +0 short sword of chaos (weapon)
Missiles
 c - 25 stones (quivered)
Armour
 b - a +2 leather armour (worn)


   Skills:
 + Level 6.5 Fighting
 + Level 6.5 Short Blades
 + Level 0.4 Long Blades
 + Level 0.4 Axes
 + Level 0.4 Maces & Flails
 + Level 0.4 Polearms
 + Level 0.4 Staves
 + Level 0.4 Slings
 + Level 0.4 Bows
 + Level 0.4 Crossbows
 + Level 0.4 Throwing
 + Level 4.5 Armour
 + Level 2.5 Dodging
 + Level 0.4 Stealth
 + Level 0.4 Shields
 + Level 0.4 Unarmed Combat
 + Level 0.4 Spellcasting
 + Level 0.2 Conjurations
 + Level 0.2 Hexes
 + Level 0.2 Summonings
 + Level 0.2 Necromancy
 + Level 0.2 Translocations
 + Level 0.2 Transmutations
 + Level 0.2 Fire Magic
 + Level 0.2 Ice Magic
 + Level 0.2 Air Magic
 + Level 0.2 Earth Magic
 + Level 0.2 Poison Magic
 + Level 0.5 Invocations
 + Level 0.4 Evocations


You had one spell level left.
You didn't know any spells.
Your spell library was empty.

Dungeon Overview and Level Annotations

Branches:
Dungeon (1/15)

Altars:


Innate Abilities, Weirdness & Mutations

You have very sharp teeth.
Your uncanny sense of smell can sniff out nearby items.
Your experience applies equally to all skills.


Message History

You are too injured to fight recklessly!
You are too injured to fight recklessly!
You are too injured to fight recklessly!
You are too injured to fight recklessly!
You barely miss the quokka. Your bite misses the quokka.
The quokka closely misses you.
The jackal bites you but does no damage.
The jackal barely misses you. Something bites you but does no damage.
You hit the quokka.
The quokka flickers and vanishes!
Xom thinks this is hilarious!
The jackal bites you but does no damage.
Something bites you.
The jackal bites you but does no damage.
Something bites you but does no damage.
Unknown command.
You hit the jackal.
You kill the jackal!
The jackal bites you.
* * * LOW HITPOINT WARNING * * *
Something barely misses you. The jackal bites you.
* * * LOW HITPOINT WARNING * * *
You barely miss the jackal.
Something bites you but does no damage. x2
The jackal misses you.
You hit the jackal.
The jackal evaporates and reforms as a river rat!
The river rat is heavily wounded.
Something bites you but does no damage. Something bites you.
* * * LOW HITPOINT WARNING * * *
The river rat misses you.
You hit the river rat but do no damage.
The river rat is poisoned.
The river rat is heavily wounded.
Something bites you.
* * * LOW HITPOINT WARNING * * *
Something bites you but does no damage.
You hit the river rat. You burn the river rat.
The river rat is severely wounded.
Something bites you.
* * * LOW HITPOINT WARNING * * *
The river rat closely misses you. Something bites you.
You die...

#.........# ..
###...##..### ..#
###.......###..#
#####...###.......
#..........>....
#.###.###.....##
##.###......†...### .
...)..........?{.r##....
................@{B.....
.............††K##.#....
........>...............
................##.#...
.................. .....
.....>####..####... ..#.
####### ##... ..#...#
#### #.# # . .#


You could see a river rat (very poisoned), a giant cockroach and a kobold.

Vanquished Creatures
  2 ball pythons (D:1)
  An endoplasm (D:1)
  A goblin (D:1)
  2 hobgoblins (D:1)
  2 jackals (D:1)
  3 bats (D:1)
11 creatures vanquished.

Notes
Turn   | Place    | Note
-------+----------+-------------------------------------------
     0 | D:1      | Ablot the Gnoll Chaos Knight began the quest for the Orb.
     0 | D:1      | Reached XP level 1. HP: 23/23 MP: 1/1
   209 | D:1      | Reached XP level 2. HP: 29/29 MP: 2/2
   212 | D:1      | XOM: noise
   239 | D:1      | HP: 1/29 [something (1)]
   239 | D:1      | Slain by a quokka

Illustrated notes

Levels and vault maps discovered:
D:1:      dpeg_arrival_three_same_balls, layout_rooms,
          shapermc_ecumenical_altar_flowoftime, grunt_decor_mini_mirrors,
          minmay_misc_feat_ornament

Action                   || total
-------------------------++-------
Melee: Short sword       ||    41
       Bite              ||     5
Armor: Leather armour    ||    37
Dodge: Dodged            ||    40
